 Dungeon Crawl Stone Soup version 0.29.1-2-gbd0b4ee654 (webtiles) character file.

Game seed: 7446313603964162946

27 whiskeysaurus the Conjurer (level 2, 0/20 HPs)
             Began as a Draconian Conjurer on Nov 20, 2022.
             Slain by Terence
             ... wielding a +0 short sword
              (3 damage)
             ... on level 1 of the Dungeon.
             The game lasted 00:03:08 (1927 turns).

whiskeysaurus the Conjurer (Draconian Conjurer)     Turns: 1927, Time: 00:03:08

Health: 0/20       AC:  4    Str:  9    XL:     2   Next: 93%
Magic:  3/5        EV: 12    Int: 18    God:
Gold:   41         SH:  0    Dex:  9    Spells: 4/5 levels left

rFire   . . .      SeeInvis .   (no weapon)
rCold   . . .      Faith    .   (no shield)
rNeg    . . .      Spirit   .   (body armour unavailable)
rPois   .          Reflect  .   (helmet restricted)
rElec   .          Harm     .   (no cloak)
rCorr   .          Rampage  .   (no gloves)
Will    .....                   (no boots)
Stlth   ++........              (no amulet)
HPRegen 0.06/turn               (no ring)
MPRegen 0.09/turn               (no ring)

@: no status effects
A: AC +4, unfitting armour, cold-blooded
a: no special abilities


You were on level 1 of the Dungeon.
You visited 1 branch of the dungeon, and saw 2 of its levels.

You collected 41 gold pieces.

Inventory:

Missiles
 f - 4 poisoned darts
Magical Staves
 k - a staff of cold
Jewellery
 i - a ring of poison resistance
Scrolls
 c - a scroll of magic mapping {unknown}
 d - a scroll of fear {unknown}
 g - a scroll of immolation {unknown}
Potions
 a - a potion of magic
 b - a potion of flight {unknown}
 e - a potion of invisibility {unknown}
 h - a potion of curing
 j - a potion of cancellation {unknown}


   Skills:
 + Level 2.2 Dodging
 + Level 2.2 Stealth
 + Level 2.3 Spellcasting
 + Level 4.2 Conjurations


You had 4 spell levels left.
You knew the following spells:

 Your Spells              Type           Power      Damage    Failure   Level
a - Magic Dart            Conj           68%        1d6       3%          1

Your spell library contained the following spells:

 Spells                   Type           Power      Damage    Failure   Level
 Searing Ray              Conj           34%        2d5       4%          2
 Dazzling Flash           Conj/Hex       18%        N/A       22%         3
 Scorch                   Fire           4%         2d5       26%         2
 Flame Wave               Conj/Fire      9%         2d6       58%         4
 Fulminant Prism          Conj/Hex       4%         3d6       58%         4
 Iskenderun's Mystic Bla  Conj/Tloc      9%         2d4       58%         4
 Summon Cactus Giant      Summ           1%         N/A       100%        6


Dungeon Overview and Level Annotations

Branches:
Dungeon (2/15)

Altars:

Shops:
D:2 ?(!!

Annotations:
D:1 Terence
D:2 Robin


Innate Abilities, Weirdness & Mutations

Your plain brown scales are hard. (AC +4)
You cannot fit into any form of body armour.
You are cold-blooded and may be slowed by cold attacks.


Message History

Terence attacks as you move away! Terence barely misses you.
Terence attacks as you move away! Terence closely misses you.
Terence attacks as you move away! Terence hits you with a +0 short sword!
Terence attacks as you move away! Terence hits you with a +0 short sword.
Terence attacks as you move away! Terence misses you.
Terence attacks as you move away! Terence closely misses you.
Terence attacks as you move away! Terence hits you with a +0 short sword.
* * * LOW HITPOINT WARNING * * *
It was a potion of curing.
You feel better. Terence hits you with a +0 short sword.
There is a stone staircase leading down here.
The goblin attacks as you move away! The goblin closely misses you.
The goblin attacks as you move away! The goblin barely misses you.
Terence attacks as you move away! Terence barely misses you.
The goblin attacks as you move away! The goblin hits you with a +0 club.
Terence attacks as you move away! Terence hits you but does no damage.
There is a stone staircase leading up here.
Robin laughs in a distinctly smug fashion.
Terence closely misses you. The goblin barely misses you.
You climb upwards.
There is a stone staircase leading down here.
Really attack while wielding nothing? [Y]es or [N]o only, please.
Really attack while wielding nothing? [Y]es or [N]o only, please.
Really attack while wielding nothing? [Y]es or [N]o only, please.
Really attack while wielding nothing?
You closely miss the goblin. The goblin hits you with a +0 club.
* * * LOW HITPOINT WARNING * * *
Terence misses you.
You closely miss the goblin. You tail-slap the goblin.
The goblin is moderately wounded.
The goblin hits you with a +0 club.
* * * LOW HITPOINT WARNING * * *
Terence barely misses you.
You miss the goblin.
The goblin is moderately wounded.
The goblin barely misses you. Terence hits you with a +0 short sword.
You die...

#######.####.#.#.# #...# #.
#######.# ##.....## #...# ##
#.......# #.......# #..(#
#.......#
#.......#####...######
#..)....#
#.....#...............
#.......#
#.....................
##.......#
#.....#...............
.........#
#....g#.#####...#####.
##.......# #...@@..# #...# #.
##.####### ###.##### ##...###
#. ##.### #.# #......# ##
..>..# #.# #....#.#### .#.#.#
#.# ######......>... .....#
####.###.......###.####
...#.######.........###..###.#
#
.#.#..##....#######...#......#
#
.........##.##...##.#.##.#####
##


You could see Terence and a goblin.

Vanquished Creatures
  2 ball pythons (D:1)
  3 endoplasms
  2 giant cockroaches (D:1)
  2 goblins (D:1)
  2 hobgoblins (D:2)
  2 jackals (D:1)
  A quokka (D:1)
  A frilled lizard (D:1)
  4 kobolds
  4 rats (D:1)
23 creatures vanquished.

Notes
Turn   | Place    | Note
-------+----------+-------------------------------------------
     0 | D:1      | whiskeysaurus the Draconian Conjurer began the quest for
                  | the Orb.
     0 | D:1      | Reached XP level 1. HP: 14/14 MP: 3/3
   457 | D:1      | Reached XP level 2. HP: 17/20 MP: 0/5
   924 | D:1      | Found a faded altar of an unknown god.
  1442 | D:2      | Found Jaroc's Distillery.
  1665 | D:2      | Found Zigon's Distillery.
  1744 | D:2      | Found Mecad's Antique Weapon Emporium.
  1824 | D:2      | Found Hoyrch's Magic Scroll Boutique.
  1888 | D:2      | Noticed Terence
  1892 | D:2      | Noticed Robin
  1927 | D:1      | Slain by Terence

Illustrated notes

Levels and vault maps discovered:
D:1:      saegor_arrival_simple_c, layout_loops_cross,
          dreamdust_ecumenical_altar_grove, chequers_mini_garden,
          minmay_misc_feat_secret_circle, minmay_misc_feat_more_columns,
          patterned_corridor
D:2:      layout_rooms, serial_shops, nicolae_shop_statue_plus, shop,
          nicolae_shop_crystal, nicolae_square_shop, shop_fountains, uniq_robin,
          uniq_terence

Skill      XL: |  1 |
---------------+----+-----
Stealth        | 2 |  2.2
Dodging        | 2 |  2.2
Spellcasting   | |  2.3
Conjurations   | |  4.2

Action                   || total
-------------------------++-------
Melee: Unarmed           ||    46
       Tailslap          ||     8
 Cast: Magic Dart        ||    48
  Use: Potion            ||     1
Armor: Skin              ||    18
Dodge: Dodged            ||    43
